 Dungeon Crawl Stone Soup version 0.24.0-41-g2ae2f7f1be (webtiles) character file.

Game seed: 6501371317347001681, levelgen mode: deterministic

20794 ReteAZ the Brawler (level 12, -5/84 HPs)
             Began as an Octopode Berserker on Dec 11, 2019.
             Was a High Priest of Trog.
             Killed from afar by a lindwurm (20 damage)
             ... with a blast of flame
             ... on level 6 of the Lair of Beasts.
             The game lasted 00:54:28 (13727 turns).

ReteAZ the Brawler (Octopode Berserker)            Turns: 13727, Time: 00:54:28

Health: -5/84      AC:  1    Str: 17    XL:     12   Next: 83%
Magic:  16/16      EV: 30    Int: 11    God:    Trog [*****.]
Gold:   1833       SH:  7    Dex: 21    Spells: 11/11 levels left

rFire    . . .     SeeInvis +     - Unarmed
rCold    . . .     Gourm    .   h - +1 buckler
rNeg     . . .     Faith    .   (helmet restricted)
rPois    .         Spirit   .   (no amulet)
rElec    .         Reflect  .   b - ring of see invisible
rCorr    .         Harm     .   M - ring of stealth
MR       ++...                  m - +2 ring of intelligence
Stlth    +++++++...             k - +4 ring of evasion
HPRegen  1.24/turn              N - ring of stealth
MPRegen  0.15/turn              (no ring)
                                (no ring)
                                (no ring)

@: agile, lethally poisoned (-5 -> -6), marked, berserk cooldown, very slightly
contaminated, regenerating, slowed, very slow
A: almost no armour, stealthy swim, amphibious, 8 rings, constrict 8, camouflage
1, gelatinous body 1
a: Berserk, Trog's Hand, Brothers in Arms, Renounce Religion


You were on level 6 of the Lair of Beasts.
You worshipped Trog.
Trog was extremely pleased with you.
You were near starving.

You visited 2 branches of the dungeon, and saw 16 of its levels.
You also visited: Bailey and Gauntlet.

You collected 1833 gold pieces.

Inventory:

Hand Weapons
 p - a +2 war axe of electrocution
Missiles
 c - 367 stones (quivered)
 w - 7 boomerangs of dispersal
 G - 10 throwing nets
Armour
 h - a +1 buckler (worn)
Magical Staves
 P - an uncursed staff of poison {unknown}
Jewellery
 b - a ring of see invisible (left tentacle)
 k - a +4 ring of evasion (on tentacle)
 m - a +2 ring of intelligence (on tentacle)
 L - an uncursed ring of ice
 M - a ring of stealth (right tentacle)
 N - a ring of stealth (on tentacle)
Wands
 i - a wand of flame (23)
 r - a wand of paralysis (6)
 y - a wand of enslavement (5)
 z - a wand of iceblast (9)
 I - a wand of acid (5)
Scrolls
 f - 3 scrolls of identify
 l - 3 scrolls of enchant weapon
 s - 2 scrolls of fog
 v - 8 scrolls of teleportation
 x - a scroll of blinking
 A - 2 scrolls of remove curse
 K - 3 scrolls of acquirement {unknown}
 O - a scroll of noise {unknown}
 Q - a scroll of fear {unknown}
Potions
 d - 2 potions of brilliance
 e - 4 potions of invisibility
 g - a potion of ambrosia
 j - a potion of heal wounds
 n - 7 potions of curing
 o - 2 potions of lignification
 q - 3 potions of haste
 t - a potion of degeneration {unknown}
 u - 4 potions of flight
 B - a potion of magic {unknown}
 C - 4 potions of agility
 D - a potion of might {unknown}
 E - 2 potions of berserk rage
 F - 2 potions of mutation {unknown}
Miscellaneous
 H - a lamp of fire
 J - a phantom mirror
Comestibles
 a - 26 rations
 R - 10 chunks of flesh


   Skills:
 + Level 8.9 Fighting
 + Level 8.9 Dodging
 - Level 5.2 Stealth
 - Level 4.0 Shields
 * Level 15.1 Unarmed Combat
 - Level 6.0 Evocations


You had 11 spell levels left.
You didn't know any spells.
Your spell library was empty.

Dungeon Overview and Level Annotations

Branches:
Dungeon (11/15)            Temple (0/1) D:5            Lair (4/6) D:10
  Swamp (0/4) Lair:2          Orc (0/2) D:9          Bailey (visited)
Gauntlet (visited)
  Snake: Lair:2-4    Spider: Lair:2-4

Altars:
Cheibriados
Elyvilon
Fedhas
Gozag
Nemelex Xobeh
Qazlal
Xom
Zin
The Shining One

Annotations:
Lair:3 exclusion: oklob plant
Lair:6 1 runed translucent door


Innate Abilities, Weirdness & Mutations

You cannot wear most types of armour.
You are very stealthy in the water. (Stealth+)
You are amphibious.
You can wear up to eight rings at the same time.
You can use your tentacles to constrict eight enemies at once.
Your skin changes colour to match your surroundings (Stealth+).
Your rubbery body absorbs attacks. (AC +1, EV +1)


Message History

The hornet is severely wounded.
You constrict the hornet.
You feel sick. The hornet completely misses you.
The tyrant leech bites something!!
The hornet stings you.
* * * LOW HITPOINT WARNING * * *
You are more poisoned.
You feel as though you will be slow longer.
A wyvern comes into view.
You bludgeon the hornet!
You kill the hornet!
Trog accepts your kill.
You feel sick.
You tentacle-slap the lindwurm but do no damage.
You squeeze the lindwurm, but do no damage.
You feel the effects of Trog's Hand fading.
You feel sick. The lindwurm completely misses you.
You block the lindwurm's attack. The lindwurm claws you.
* * * LOW HITPOINT WARNING * * *
The lindwurm breathes flames at you. The blast of flame hits you!!
You die...

$.$ #..## ####...
$$####..# ##.#....
#+#...## #.#.....
##P8.### ###.....#
#...##.#
###.....###
###..l##
##.....#..#
##.kw###.....##....
##kwww....#####...
#@##.P.#### ###
########


You could see 3 tyrant leeches, a torpor snail, 2 lindwurms and a wyvern.

Vanquished Creatures
  A hydra (Lair:3)
  3 two-headed ogres
  A centaur zombie (D:9)
  4 elephants (Lair:2)
  2 black mambas (Lair:2)
  3 spiny frogs
  A torpor snail (Lair:6)
  A rime drake (Lair:2)
  6 komodo dragons
  A queen bee (D:9)
  A troll (D:11)
  6 hornets (Lair:6)
  5 hippogriffs
  A spriggan (D:7)
  Sigmund (D:6)
  4 wyverns
  6 yaks (Lair:3)
  A basilisk (Lair:1)
  A steam dragon (D:8)
  5 water moccasins
  4 porcupines
  4 orc warriors
  5 ice beasts
  A necrophage (D:7)
  3 sky beasts
  3 ogres
  An eye of draining (D:9)
  6 centaurs
  3 crocodiles
  4 big kobolds
  12 bullfrogs
  7 gnoll sergeants (Bailey)
  A wyvern zombie (D:9)
  2 scorpions
  A water moccasin skeleton (D:7)
  29 killer bees
  A wight (D:8)
  An electric eel (D:11)
  4 howler monkeys
  2 crimson imps
  A quasit (D:9)
  7 hounds
  A jelly (D:7)
  5 gnoll shamans (Bailey)
  5 orc priests
  12 orc wizards
  4 iguanas
  A bullfrog skeleton (D:8)
  A centaur skeleton (D:9)
  4 worker ants
  A killer bee zombie (D:6)
  A hound zombie (D:6)
  A hound skeleton (D:6)
  21 gnolls
  10 adders
  A river rat (D:6)
  8 shadow imps
  2 adder zombies
  2 adder skeletons
  3 worms
  3 dart slugs
  4 leopard geckos
  47 orcs
  2 ball pythons
  3 bats
  3 giant cockroaches
  10 goblins
  4 hobgoblins
  23 jackals
  2 quokkas
  4 frilled lizards
  2 jackal zombies
  16 kobolds
  A leopard gecko skeleton (D:8)
  9 rats
  A fungus (Lair:3)
  A plant (D:10)
374 creatures vanquished.

Vanquished Creatures (collateral kills)
  An elephant (Lair:2)
  A gnoll sergeant (Bailey)
  A gnoll shaman (Bailey)
3 creatures vanquished.

Vanquished Creatures (others)
  3 bullfrogs (D:7)
  A howler monkey (D:7)
  A worker ant (D:7)
  2 kobolds (D:7)
  4 fungi
  8 plants
19 creatures vanquished.

Grand Total: 396 creatures vanquished

Notes
Turn   | Place    | Note
-------+----------+-------------------------------------------
     0 | D:1      | ReteAZ the Octopode Berserker began the quest for the Orb.
     0 | D:1      | Reached XP level 1. HP: 16/16 MP: 1/1
   157 | D:1      | Reached XP level 2. HP: 16/21 MP: 2/2
   194 | D:1      | Reached skill level 1 in Stealth
   418 | D:1      | Reached XP level 3. HP: 22/26 MP: 3/3
  1003 | D:2      | Reached ** piety under Trog
  1116 | D:2      | Reached XP level 4. HP: 28/31 MP: 4/4
  1457 | D:3      | Reached skill level 4 in Unarmed Combat
  1935 | D:3      | Found a glowing golden altar of the Shining One.
  1935 | D:3      | Found a glowing silver altar of Zin.
  1935 | D:3      | Found a white marble altar of Elyvilon.
  1999 | D:4      | Reached *** piety under Trog
  1999 | D:4      | Reached XP level 5. HP: 29/36 MP: 5/5
  2058 | D:4      | Reached skill level 1 in Shields
  2348 | D:4      | Noticed a phantom
  2522 | D:5      | Entered Level 5 of the Dungeon
  2637 | D:5      | Reached XP level 6. HP: 28/42 MP: 6/6
  2665 | D:5      | Found a staircase to the Ecumenical Temple.
  3067 | D:5      | Reached skill level 5 in Unarmed Combat
  3349 | D:5      | Reached XP level 7. HP: 44/46 MP: 7/7
  3610 | D:6      | Noticed a troll
  3632 | D:6      | Reached skill level 6 in Unarmed Combat
  3641 | D:6      | Reached XP level 8. HP: 42/52 MP: 8/8
  3661 | D:6      | Reached skill level 5 in Stealth
  3707 | D:6      | Reached skill level 5 in Dodging
  3791 | D:6      | Noticed Sigmund
  3807 | D:6      | Killed Sigmund
  3807 | D:6      | Reached skill level 7 in Unarmed Combat
  4165 | D:6      | Reached skill level 8 in Unarmed Combat
  4235 | D:6      | Reached **** piety under Trog
  4316 | D:6      | Reached XP level 9. HP: 49/57 MP: 9/9
  4529 | D:7      | Reached skill level 9 in Unarmed Combat
  4583 | D:7      | Found a stormy altar of Qazlal.
  4623 | D:7      | Found a snail-covered altar of Cheibriados.
  4624 | D:7      | Found an opulent altar of Gozag.
  4625 | D:7      | Found a sparkling altar of Nemelex Xobeh.
  4712 | D:7      | Found a shimmering altar of Xom.
  4884 | D:7      | Reached skill level 10 in Unarmed Combat
  5421 | D:8      | Reached skill level 5 in Fighting
  5629 | D:8      | Noticed a two-headed ogre
  5721 | D:8      | Reached XP level 10. HP: 37/65 MP: 10/10
  5909 | D:8      | Killed a two-headed ogre
  5909 | D:8      | Reached skill level 11 in Unarmed Combat
  5914 | D:8      | Noticed a two-headed ogre
  6110 | D:8      | Killed a two-headed ogre
  6329 | D:9      | Found a staircase to the Orcish Mines.
  6399 | D:9      | Received a gift from Trog
  6435 | D:9      | Found a flagged portal.
  6484 | Bailey   | Entered a bailey
  6666 | Bailey   | Reached skill level 12 in Unarmed Combat
  7511 | D:9      | Reached skill level 1 in Evocations
  7740 | D:9      | Reached ***** piety under Trog
  7757 | D:9      | Reached XP level 11. HP: 29/74 MP: 12/12
  8016 | D:9      | Found a blossoming altar of Fedhas.
  8428 | D:9      | Reached skill level 5 in Evocations
  8828 | D:10     | Entered Level 10 of the Dungeon
  8975 | D:10     | Found a staircase to the Lair.
  9052 | D:10     | Noticed a two-headed ogre
  9063 | D:10     | Killed a two-headed ogre
  9413 | D:10     | Received a gift from Trog
  9744 | D:11     | Noticed a cyan ugly thing
  9814 | D:11     | Reached skill level 13 in Unarmed Combat
  9884 | D:11     | Found a gate leading to a gauntlet.
  9892 | Gauntlet | Entered a Gauntlet
  9892 | Gauntlet | Found a transporter.
  9892 | Gauntlet | Found a transporter.
  9892 | Gauntlet | Found a transporter.
  9902 | Gauntlet | Found a transporter.
  9905 | Gauntlet | Found a transporter.
  9916 | Gauntlet | Found a transporter.
  9916 | Gauntlet | Found a transporter.
  9924 | Gauntlet | Found a transporter.
  9946 | Gauntlet | Found a transporter.
  9948 | Gauntlet | Noticed a blizzard demon
  9963 | Gauntlet | Found a transporter.
  9966 | Gauntlet | Found a transporter.
  9978 | Gauntlet | Found a transporter.
 10036 | Gauntlet | Noticed a moth of wrath
 10241 | D:11     | Noticed a cyan ugly thing
 10522 | Lair:1   | Entered Level 1 of the Lair of Beasts
 11976 | Lair:2   | Reached XP level 12. HP: 71/80 MP: 16/16
 12043 | Lair:2   | Reached skill level 14 in Unarmed Combat
 12367 | Lair:2   | Found a staircase to the Swamp.
 12921 | Lair:3   | Noticed an eight-headed hydra
 13540 | Lair:3   | Killed an eight-headed hydra
 13652 | Lair:4   | You fall into a shaft and drop 2 floors!
 13652 | Lair:6   | Entered Level 6 of the Lair of Beasts
 13657 | Lair:6   | Found a runed translucent door.
 13658 | Lair:6   | Noticed an ice dragon
 13709 | Lair:6   | Reached skill level 15 in Unarmed Combat
 13722 | Lair:6   | HP: 4/84 [hornet (10)]
 13727 | Lair:6   | Killed from afar by a lindwurm

Levels and vault maps discovered:
D:1:      dpeg_arrival_morbid_curiosity, layout_basic, minmay_misc_feat_encased
D:2:      layout_basic
D:3:      layout_rooms, good_gods_mini_temple
D:4:      layout_rooms, okawaru_ov_weapons_minmay
D:5:      layout_loops_ring, minmay_temple_entry_hall, first_ration
D:6:      layout_loops_ring, portal_sewer_entry_b, grunt_potential, uniq_sigmund
D:7:      layout_loops_ring, grunt_temple_overflow_open, basic_altar,
          serial_park_tiny_1, the_bakery, xom_confusion_cloud
D:8:      layout_loops_ring
D:9:      layout_roguey, orc_0_dummy, special_room [special_room_bee],
          enter_bailey_3, fedhas_altar_3
D:10:     layout_long_grid, dpeg_oklobed_lair, corner_web_ring
D:11:     layout_basic, gauntlet_entry_generic, fountainhead,
          nicolae_zen_rock_garden, hangedman_decor_points, uniq_fannar
Lair:1:   layout_roguey, minmay_stone_trees_small
Lair:2:   layout_loops_ring, minmay_swamp_entry_worms
Lair:3:   layout_cave_pods, guppyfry_snake_entry_garden, special_room,
          minmay_lair_oklob_chamber
Lair:4:   layout_gridlike
Lair:6:   hangedman_lair_tendril_chambers, layout_regular_city, wormcave,
          nicolae_volcano_entry_s_turn, infiniplex_staircase_pool_2,
          serial_bayou_shore_a

Skill      XL: |  1  2  3  4  5  6  7  8  9 10 11 12 |
---------------+-------------------------------------+-----
Stealth        | 1 2 3 4 5 |  5.2
Unarmed Combat | 4 5 6 8 10 12 13 15 | 15.1
Shields        | 2 3 4 |  4.0
Dodging        | 4 6 7 8 |  8.9
Fighting       | 5 7 8 |  8.9
Evocations     | 2 6 |  6.0

Action                   |  1- 3 |  4- 6 |  7- 9 | 10-12 || total
-------------------------+-------+-------+-------+-------++-------
Melee: Unarmed           |    68 |   127 |   261 |   579 ||  1035
       Constrict         |    21 |    33 |    57 |    88 ||   199
       Tentacles         |    13 |    22 |    67 |   134 ||   236
       Punch             |       |     4 |    15 |    67 ||    86
Throw: Stone             |     1 |    15 |     8 |    20 ||    44
       Throwing net      |       |       |       |     7 ||     7
Invok: Berserk           |       |     1 |     6 |    19 ||    26
       Trog's Hand       |       |       |    10 |     9 ||    19
       Brothers in Arms  |       |       |       |     3 ||     3
  Use: Scroll            |       |     5 |     4 |    14 ||    23
       Potion            |       |       |       |     3 ||     3
 Stab: Sleeping          |     4 |     8 |    11 |    30 ||    53
       Distracted        |       |       |     1 |     3 ||     4
  Eat: Chunk             |     1 |     8 |    16 |    35 ||    60
       Ration            |       |       |       |     3 ||     3
Armor: Skin              |     8 |     4 |     6 |     5 ||    23
Dodge: Dodged            |    35 |    57 |   169 |   390 ||   651
Block: Buckler           |       |    15 |    44 |   127 ||   186
